 Dungeon Crawl Stone Soup version 0.30.0-5-g1a98f26d00 (webtiles) character file.

Game seed: 619273915430009331

340 cheesebisquit the Trooper (level 6, -4/57 HPs)
             Began as a Draconian Conjurer on May 8, 2023.
             Slain by Prince Ribbit (10 damage)
             ... on level 6 of the Dungeon.
             The game lasted 00:08:52 (3770 turns).

cheesebisquit the Trooper (Draconian Conjurer)      Turns: 3770, Time: 00:08:52

Health: -4/57      AC: 10    Str:  9    XL:     6   Next: 30%
Magic:  0/9        EV: 12    Int: 21    God:
Gold:   191        SH:  0    Dex:  9    Spells: 8/9 levels left

rFire   + . .        k - +1 dagger (speed)
rCold   . . .        (no shield)
rNeg    . . .        (body armour unavailable)
rPois   .            (helmet restricted)
rElec   .            p - +1 cloak
rCorr   .            (no gloves)
SInv    .            j - +1 pair of boots
Will    +....        (no amulet)
Stlth   ++           f - ring of protection from fire
HPRegen 0.29/turn    g - ring of willpower
MPRegen 0.11/turn

%: no passive effects
@: invisible
A: AC +6, unfitting armour, cold-blooded
a: no special abilities


You were on level 6 of the Dungeon.
You visited 1 branch of the dungeon, and saw 5 of its levels.

You collected 282 gold pieces.
You spent 91 gold pieces at shops.

Inventory:

Hand Weapons
 c - a +0 hand axe
 e - a +0 mace
 k - a +1 dagger of speed (weapon)
Missiles
 q - 7 poisoned darts
Armour
 i - a +0 kite shield
 j - a +1 pair of boots (worn)
 p - a +1 cloak (worn)
Jewellery
 f - a ring of protection from fire (left hand)
 g - a ring of willpower (right hand)
Scrolls
 d - 2 scrolls of blinking
 o - a scroll of teleportation {unknown}
 t - a scroll of noise {unknown}
Potions
 h - a potion of curing
 l - a potion of brilliance
 m - 2 potions of flight
 n - a potion of mutation
 r - a potion of degeneration {unknown}
 s - 2 potions of haste {unknown}


   Skills:
 * Level 5.6 Fighting
 - Level 1.7 Dodging
 + Level 4.0 Stealth
 - Level 2.0 Spellcasting
 - Level 4.0 Conjurations


You had 8 spell levels left.
You knew the following spells:

 Your Spells              Type           Power      Damage    Failure   Level
a - Magic Dart            Conj           72%        1d6       2%          1

Your spell library contained the following spells:

 Spells                   Type           Power      Damage    Failure   Level
 Searing Ray              Conj           36%        2d5       4%          2
 Dazzling Flash           Conj/Hex       20%        N/A       19%         3
 Fulminant Prism          Conj/Hex       5%         3d7       54%         4
 Iskenderun's Mystic Bla  Conj/Tloc      10%        2d4       54%         4


Dungeon Overview and Level Annotations

Branches:
Dungeon (4/15)
 Temple: D:4-7

Altars:
Cheibriados
Gozag

Shops:
D:1 !   D:3 *

Annotations:
D:6 Prince Ribbit


Innate Abilities, Weirdness & Mutations

Your plain brown scales are hard. (AC +6)
You cannot fit into any form of body armour.
You are cold-blooded and may be slowed by cold attacks.


Message History

You are engulfed in a cloud of soporific spores!
You are unaffected.
You hit the sleepcap but do no damage. You tail-slap the sleepcap.
You destroy the sleepcap!
Your Stealth skill increases to level 4!
Throw: 8 darts (poison)
Press: ? - help, Shift-Dir - straight line, f - Prince Ribbit
Aim: Prince Ribbit (lightly wounded, 31% to hit)
You throw a poisoned dart.
The poisoned dart closely misses Prince Ribbit.
You closely miss Prince Ribbit.
Prince Ribbit is lightly wounded.
Prince Ribbit hits you!
You hit Prince Ribbit.
Prince Ribbit is lightly wounded.
Prince Ribbit barely misses you.
You hit Prince Ribbit. You tail-slap Prince Ribbit.
Prince Ribbit is moderately wounded.
Prince Ribbit hits you but does no damage.
You hit Prince Ribbit.
Prince Ribbit is moderately wounded.
Prince Ribbit misses you.
You hit Prince Ribbit.
Your tail-slap misses Prince Ribbit.
Prince Ribbit is moderately wounded.
Prince Ribbit hits you.
* * * LOW HITPOINT WARNING * * *
You hit Prince Ribbit.
Prince Ribbit is heavily wounded.
Prince Ribbit hits you but does no damage.
Aiming: Magic Dart (safe; 2% risk of failure)
Press: ? - help, Q - select action, (/) - cycle Shift-Dir - straight line, f/p - Prince Ribbit
Aim: Prince Ribbit (moderately wounded, 100% to hit)
The magic dart hits Prince Ribbit.
Prince Ribbit is heavily wounded.
Prince Ribbit hits you!
* * * LOW HITPOINT WARNING * * *
You fade into invisibility!
Prince Ribbit catches a centipede with his tongue.
Prince Ribbit closely misses you. Prince Ribbit hits you!
You die...

### #
##.#.#
####....#
+.@F....#
####.(..#
##.#.#
....#
.#... #
..## #..
.#.


You could see Prince Ribbit (unable to see you).

Vanquished Creatures
  A scorpion (D:6)
  4 hounds
  A sleepcap (D:6)
  6 adders
  A worm (D:3)
  5 dart slugs
  An orc (D:3)
  6 endoplasms
  3 giant cockroaches
  7 hobgoblins
  3 jackals (D:4)
  A quokka (D:3)
  5 ball pythons
  6 bats
  7 frilled lizards
  5 goblins
  5 kobolds
  6 rats
  A spectral kobold (D:1)
74 creatures vanquished.

Notes
Turn   | Place    | Note
-------+----------+-------------------------------------------
     0 | D:1      | cheesebisquit the Draconian Conjurer began the quest for
                  | the Orb.
     0 | D:1      | Reached XP level 1. HP: 14/14 MP: 3/3
   142 | D:1      | Reached skill level 1 in Fighting
   271 | D:1      | Reached XP level 2. HP: 19/23 MP: 0/5
   572 | D:1      | Reached skill level 2 in Fighting
   594 | D:1      | Found Litykhio's Distillery.
   723 | D:1      | Found a faded altar of an unknown god.
  1006 | D:2      | Reached XP level 3. HP: 30/30 MP: 3/6
  1506 | D:2      | Reached skill level 3 in Fighting
  1734 | D:3      | Reached XP level 4. HP: 32/39 MP: 1/7
  2025 | D:3      | Found Eriydom's General Store.
  2105 | D:3      | Bought a +0 cloak for 63 gold pieces
  2105 | D:3      | Bought a scroll of identify for 28 gold pieces
  2302 | D:3      | Reached skill level 4 in Fighting
  2386 | D:3      | Reached XP level 5. HP: 46/46 MP: 5/8
  2513 | D:3      | Found an opulent altar of Gozag.
  2627 | D:3      | Found a snail-covered altar of Cheibriados.
  3644 | D:4      | Reached skill level 5 in Fighting
  3711 | D:4      | You fall into a shaft and drop 2 floors!
  3712 | D:6      | Noticed Prince Ribbit
  3744 | D:6      | Reached XP level 6. HP: 52/56 MP: 5/9
  3770 | D:6      | Slain by Prince Ribbit

Illustrated notes

Levels and vault maps discovered:
D:1:      minmay_arrival_checkered_box, layout_rooms,
          dreamdust_ecumenical_altar_drowned_temple, serial_shops,
          nicolae_shop_industrial_runoff, hangedman_abyss_or_decor_lesser_grid,
          kennysheep_flooded_box
D:2:      layout_rooms
D:3:      layout_rooms, slow_altar_2, grunt_gozag_breadcrumbs, serial_shops,
          nicolae_shop_competitors_out_of_business
D:4:      layout_basic, minmay_temple_entry_purple_smoke
D:6:      layout_loops_corners, hex_medium, uniq_grinder, uniq_prince_ribbit1

Skill      XL: |  1  2  3  4  5  6 |
---------------+-------------------+-----
Fighting       | 1 2 3 4 5 |  5.6
Stealth        | 2 3 4 |  4.0
Dodging        | |  1.7
Spellcasting   | |  2.0
Conjurations   | |  4.0

Action                     |  1- 3 |  4- 6 || total
---------------------------+-------+-------++-------
  Melee: Hand axe          |     7 |       ||     7
         Dagger            |       |    31 ||    31
         Tailslap          |       |     6 ||     6
         Punch             |       |     1 ||     1
  Throw: Dart              |       |     1 ||     1
   Cast: Magic Dart        |    84 |   123 ||   207
    Use: Scroll            |       |     8 ||     8
         Potion            |       |     3 ||     3
 Armour: Skin              |     8 |    27 ||    35
  Dodge: Dodged            |     8 |    29 ||    37
